 Dungeon Crawl Stone Soup version 0.31-a0-955-gcb8bc90ed4 (webtiles) character file.

Game seed: 9816960758981675843

4106 Majang the Chopper (level 10, -6/63 HPs)
             Began as a Gargoyle Fighter on Oct 18, 2023.
             Was a Priest of Makhleb.
             Mangled by a polar bear (19 damage)
             ... on level 8 of the Dungeon on Oct 22, 2023.
             The game lasted 00:37:36 (5763 turns).

Majang the Chopper (Gargoyle Fighter)               Turns: 5763, Time: 00:37:38

Health: -6/63      AC: 22    Str: 24    XL:     10   Next: 26%
Magic:  13/13      EV: 12    Int: 12    God:    Makhleb [***...]
Gold:   322        SH: 11    Dex: 15    Spells: 9/9 levels left

rFire   . . .        b - +5 war axe
rCold   . . .        d - +1 kite shield {AC+3}
rNeg    + . .        r - +0 steam dragon scales
rPois   ∞            D - +2 helmet of Precision Catastrophes {Will+ Int+3}
rElec   +            (no cloak)
rCorr   .            (no gloves)
SInv    .            i - +1 pair of boots
Will    +....        (no amulet)
Stlth   +            p - +6 ring of dexterity
HPRegen 0.30/turn    t - ring of flight
MPRegen 0.13/turn

%: no passive effects
@: flying
A: sickness immunity, AC +7, negative energy resistance 1, electricity
resistance, torment resistance 1, petrification resistance
a: Renounce Religion, Minor Destruction, Lesser Servant of Makhleb


You were on level 8 of the Dungeon.
You worshipped Makhleb.
Makhleb was most pleased with you.
You visited 2 branches of the dungeon, and saw 9 of its levels.
You also visited: Ossuary.

You collected 494 gold pieces.
You spent 172 gold pieces at shops.

Inventory:

Hand Weapons
 a - a +3 hand axe of draining
 b - a +5 war axe (weapon)
 F - a +3 flail
Missiles
 j - 3 javelins (quivered)
 n - a boomerang
Armour
 d - a +1 kite shield of protection (worn)
 i - a +1 pair of boots (worn)
 q - a +3 leather armour of willpower
 r - +0 steam dragon scales (worn)
 D - the +2 helmet of Precision Catastrophes (worn) {Will+ Int+3}
   (You found it on level 7 of the Dungeon)

   Int+3:     It affects your intelligence (+3).
   Will+:     It increases your willpower.
Jewellery
 p - a +6 ring of dexterity (left hand)
 t - a ring of flight (right hand)
Wands
 s - a wand of flame (20)
 v - a wand of roots (10)
Scrolls
 e - a scroll of enchant armour
 l - 6 scrolls of teleportation
 y - 2 scrolls of poison
 B - a scroll of identify
Potions
 c - 4 potions of mutation
 f - 3 potions of invisibility
 g - a potion of attraction
 h - 2 potions of enlightenment
 k - 4 potions of curing
 o - 2 potions of lignification
 u - 2 potions of haste {unknown}
 w - a potion of might
 x - a potion of resistance
 z - 3 potions of degeneration {unknown}
 A - a potion of brilliance {unknown}
 C - a potion of cancellation {unknown}


   Skills:
 + Level 7.4 Fighting
 * Level 7.8 Axes
 + Level 3.1 Throwing
 + Level 6.1 Armour
 + Level 3.5 Dodging
 + Level 5.9 Shields
 + Level 4.0 Invocations
 + Level 3.1 Evocations


You had 9 spell levels left.
You didn't know any spells.
Your spell library contained the following spells:

 Spells                   Type           Power      Damage    Failure   Level
 Dazzling Flash           Conj/Hex       0%         N/A       89%         3
 Volatile Blastmotes      Fire/Tloc      0%         2d10      89%         3
 Starburst                Conj/Fire      0%         6d3       100%        6
 Maxwell's Capacitive Co  Air            0%         ∞         100%        8


Dungeon Overview and Level Annotations

Branches:
Dungeon (8/15)             Temple (1/1) D:4         Ossuary (visited)
   Lair: D:8-11

Altars:
Ashenzari
Cheibriados
Dithmenos
Elyvilon
Fedhas
Gozag
Hepliaklqana
Kikubaaqudgha
Makhleb
Nemelex Xobeh
Okawaru
Qazlal
Ru
Sif Muna
Trog
Uskayaw
Vehumet
Wu Jian
Xom
Yredelemnul
Zin
The Shining One

Shops:
D:3 :   D:6 [

Portals:
Abyss: D:6

Annotations:
D:6 2 transporters, exclusion: oklob plant, boombarfnjin2354fg's ghost, novice OpCj


Innate Abilities, Weirdness & Mutations

You are immune to sickness and miasma.
Your stone body is resilient. (AC +7)
You are immune to poison.
You resist negative energy. (rN+)
You are resistant to electric shocks. (rElec)
You are resistant to unholy torment.
You are immune to petrification.


Message History

The polar bear claws you.
The polar bear claws you but does no damage.
You hit the polar bear but do no damage.
You block the polar bear's attack.
The polar bear claws you but does no damage. x2
You slash the polar bear!
The polar bear is moderately wounded.
You block the polar bear's attack. The polar bear misses you.
You block the polar bear's attack.
You slash the polar bear!
The polar bear is heavily wounded.
The polar bear completely misses you. x2; The polar bear barely misses you.
You block the polar bear's attack. The polar bear closely misses you.
The polar bear claws you but does no damage.
You hit the polar bear but do no damage.
The polar bear is heavily wounded.
The polar bear barely misses you.
The polar bear claws you but does no damage.
The polar bear barely misses you.
You hit the polar bear.
The polar bear is heavily wounded.
You block the polar bear's attack.
The polar bear claws you but does no damage. x2
You slash the polar bear!
The polar bear is severely wounded.
The polar bear goes berserk!
You hit the polar bear.
The polar bear is severely wounded.
The polar bear bites you! The polar bear closely misses you.
The polar bear claws you but does no damage.
The polar bear bites you! You block the polar bear's attack.
The polar bear claws you.
You hit the polar bear.
The polar bear is almost dead.
The polar bear bites you!!
* * * LOW HITPOINT WARNING * * *
The polar bear closely misses you. The polar bear claws you.
* * * LOW HITPOINT WARNING * * *
The polar bear bites you!!
You die...

#.....# .# #.
......##. #.
##....<... #.
#......#.######.
###.<....#.#......
#....#............
#.##.#####.#.....#
#.##.......#.###.#
#@############ ..#
#...h....... .###
#.##..#....# #. #
# .... ...# # #
...#. ..# #
....#.. .# #....
.. # #..?# ..#


You could see a polar bear (berserk).

Vanquished Creatures
  Joseph (D:7)
  A kobold demonologist (D:6)
  Eustachio (D:4)
  2 steam dragons
  Menkaure (D:4)
  A water moccasin (D:6)
  Duvessa (D:6)
  2 ice beasts
  A sky beast (D:6)
  A black bear (D:4)
  5 ogres
  2 phantoms
  5 scorpions
  5 water moccasin zombies (Ossuary)
  3 wights (D:8)
  Dowan (D:6)
  2 jellies
  7 hounds
  7 orc priests
  3 iguanas
  2 sleepcaps (D:6)
  5 orc wizards
  3 mummies
  3 gnolls (D:7)
  14 adders
  2 adder zombies (Ossuary)
  A worm (D:4)
  A dart slug (D:4)
  29 orcs
  17 endoplasms
  5 giant cockroaches
  A gnoll zombie (Ossuary)
  7 goblins
  6 hobgoblins
  5 jackals
  5 quokkas
  8 ball pythons
  3 bats
  3 frilled lizards (D:1)
  7 hobgoblin zombies (Ossuary)
  11 kobolds
  5 kobold zombies (Ossuary)
  3 orc zombies (Ossuary)
  2 rats (D:2)
  A spectral orc (D:4)
201 creatures vanquished.

Notes
Turn   | Place    | Note
-------+----------+-------------------------------------------
     0 | D:1      | Majang the Gargoyle Fighter began the quest for the Orb.
     0 | D:1      | Reached XP level 1. HP: 14/14 MP: 1/1
    80 | D:1      | Reached XP level 2. HP: 19/19 MP: 2/2
   428 | D:1      | Reached XP level 3. HP: 23/24 MP: 3/3
  1189 | D:2      | Reached XP level 4. HP: 29/29 MP: 4/4
  1507 | D:3      | Found a white marble altar of Elyvilon.
  1578 | D:3      | Reached XP level 5. HP: 33/34 MP: 5/5
  1604 | D:3      | Found Xuysexkiukopn's Vocational Training.
  2034 | D:4      | Noticed a black bear
  2050 | D:4      | Killed a black bear
  2051 | D:4      | Reached skill level 5 in Fighting
  2051 | D:4      | Reached XP level 6. HP: 38/40 MP: 6/6
  2113 | D:4      | Reached skill level 5 in Axes
  2333 | D:4      | Reached XP level 7. HP: 37/44 MP: 7/7
  2445 | D:4      | Noticed Menkaure
  2472 | D:4      | Reached skill level 1 in Dodging
  2540 | D:4      | Killed Menkaure
  2707 | D:4      | Found a basalt altar of Yredelemnul.
  2783 | D:4      | Noticed Eustachio
  2831 | D:4      | Killed Eustachio
  2938 | D:4      | Found a staircase to the Ecumenical Temple.
  2952 | D:4      | Reached XP level 8. HP: 41/51 MP: 8/8
  2958 | Temple   | Entered the Ecumenical Temple
  2966 | Temple   | Became a worshipper of Makhleb the Destroyer
  3084 | D:5      | Entered Level 5 of the Dungeon
  3330 | D:5      | Reached skill level 1 in Invocations
  3462 | D:5      | Reached skill level 1 in Throwing
  3462 | D:5      | Reached skill level 1 in Evocations
  3509 | D:5      | Reached * piety under Makhleb
  3691 | D:5      | Reached skill level 5 in Armour
  3874 | D:5      | Found an ornate altar of the Wu Jian Council.
  3885 | D:5      | Reached XP level 9. HP: 56/56 MP: 10/10
  3931 | D:5      | Upgraded the game from 0.31-a0-924-ge39a22a033 to
                  | 0.31-a0-955-gcb8bc90ed4
  3946 | D:6      | Noticed Duvessa
  3946 | D:6      | Noticed Dowan
  3951 | D:6      | Killed Duvessa
  3952 | D:6      | Reached skill level 5 in Shields
  3955 | D:6      | Killed Dowan
  3995 | D:6      | Found Otoch's Antique Armour Emporium.
  3998 | D:6      | Bought a shiny kite shield for 172 gold pieces
  4010 | D:6      | Found a transporter.
  4015 | D:6      | Found a transporter.
  4022 | D:6      | Noticed an arcanist
  4030 | D:6      | Found a one-way gate to the infinite horrors of the Abyss.
  4030 | D:6      | Noticed boombarfnjin2354fg's ghost (novice OpCj)
  4042 | D:6      | Found a sand-covered staircase.
  4052 | Ossuary  | Entered an ossuary
  4128 | Ossuary  | Reached ** piety under Makhleb
  4363 | D:6      | Found a blossoming altar of Fedhas.
  4386 | D:6      | Noticed an oklob plant
  4576 | D:6      | Noticed a hellwing
  4737 | D:7      | Noticed a kobold demonologist
  4751 | D:7      | Noticed a hellwing
  4756 | D:6      | Killed a kobold demonologist
  4760 | D:6      | Reached *** piety under Makhleb
  4761 | D:6      | Reached XP level 10. HP: 26/63 MP: 12/12
  5060 | D:7      | Noticed Joseph
  5160 | D:7      | Killed Joseph
  5255 | D:7      | Identified the +2 helmet of Precision Catastrophes {Will+
                  | Int+3}
  5367 | D:7      | Found an opulent altar of Gozag.
  5428 | D:7      | Found a glowing silver altar of Zin.
  5546 | D:7      | Found an iron altar of Okawaru.
  5546 | D:7      | Found a snail-covered altar of Cheibriados.
  5596 | D:7      | Found a stormy altar of Qazlal.
  5763 | D:8      | Mangled by a polar bear

Illustrated notes

Levels and vault maps discovered:
D:1:      wander_arrival_fairy_ring, layout_basic
D:2:      layout_rooms, chequers_serial_rivers_micro_a
D:3:      layout_rooms, elyvilon_altar_4, nicolae_shop_vocational
D:4:      layout_basic, yredelemnul_forgotten_temple_becter,
          minmay_temple_entry_statues_pillars, uniq_eustachio, uniq_menkaure
D:5:      layout_rooms, mainiacjoe_overflow_surrounded_room
D:6:      layout_cave_pools, tgw_fedhas, gup_ossuary_entry_pyramid,
          serial_shops, nicolae_shop_behind_doors,
          gammafunk_ghost_abyssal_escape, uniq_duvessa
D:7:      layout_cave_pools, kennysheep_little_box, zin_statuary,
          grunt_qazlal_sundering, gammafunk_temple_overflow_elements,
          minmay_misc_feat_four_crosses, uniq_joseph
D:8:      minmay_angry_zag, layout_basic, serial_ice, serial_ice_g,
          serial_ice_n, serial_ice_j, serial_ice_f, minivault_5, uniq_jeremiah
Temple:   dshaligram_water_room_temple

Skill      XL: |  1  2  3  4  5  6  7  8  9 10 |
---------------+-------------------------------+-----
Axes           | 2 3 4 5 6 7 |  7.8
Fighting       | 4 5 6 7 |  7.4
Dodging        | 1 2 3 |  3.5
Armour         | 4 5 6 |  6.1
Shields        | 4 5 |  5.9
Invocations    | 2 3 4 |  4.0
Throwing       | 1 2 3 |  3.1
Evocations     | 1 2 3 |  3.1

Action                     |  1- 3 |  4- 6 |  7- 9 | 10-12 || total
---------------------------+-------+-------+-------+-------++-------
  Melee: Hand axe          |    96 |   148 |   207 |       ||   451
         War axe           |     3 |       |   127 |    51 ||   181
  Evoke: Wand              |       |       |     1 |     6 ||     7
    Use: Scroll            |       |     9 |     9 |     1 ||    19
         Potion            |       |     1 |     2 |       ||     3
   Stab: Sleeping          |       |       |       |     1 ||     1
 Armour: Scale mail        |    68 |    84 |    42 |       ||   194
         Leather armour    |       |       |   148 |       ||   148
         Steam dragon scal |       |       |       |    61 ||    61
  Dodge: Dodged            |    40 |    60 |   170 |    25 ||   295
  Block: Buckler           |    18 |    26 |    47 |       ||    91
         Kite shield       |       |       |    86 |    34 ||   120

Table legend: (Time is in decaauts)
 A = Elapsed time spent in this place.
 B = Non-inter-level travel time spent in this place.
 C = Inter-level travel time spent in this place.
 D = Time resting spent in this place.
 E = Time spent auto-exploring this place.
 F = Levels seen in this place.
 G = Mean time per level.
                   A        B        C        D        E       F      G
               +--------+--------+--------+--------+--------+-----+--------+
         Total |   5961 |   5664 |    297 |   1209 |    372 |  10 |  596.1 |
       Dungeon |   5732 |   5435 |    297 |   1190 |    372 |   8 |  716.5 |
        Temple |     33 |     33 |      0 |     19 |      0 |   1 |   33.0 |
       Ossuary |    195 |    195 |      0 |      0 |      0 |   1 |  195.0 |
               +--------+--------+--------+--------+--------+-----+--------+

Top non-repeatable levels by time:
     D:6: 1085 daAuts
     D:4: 1077 daAuts
     D:1: 1061 daAuts
     D:5: 745 daAuts
     D:3: 672 daAuts
     D:7: 547 daAuts
     D:2: 413 daAuts
 Ossuary: 195 daAuts
     D:8: 129 daAuts
  Temple: 33 daAuts
